 Dungeon Crawl Stone Soup version 0.28.0-43-g3370ac3207 (webtiles) character file.

Game seed: 13141672782158002771

25 Icepheonix32 the Firebug (level 3, -1/19 HPs)
             Began as a Tengu Fire Elementalist on Mar 7, 2022.
             Slain by a worm (11 damage)
             ... on level 2 of the Dungeon.
             The game lasted 00:01:07 (1268 turns).

Icepheonix32 the Firebug (Tengu Fire Elementalist)  Turns: 1268, Time: 00:01:07

Health: -1/19      AC:  2    Str:  8    XL:     3   Next: 4%
Magic:  2/7        EV: 12    Int: 17    God:
Gold:   47         SH:  0    Dex: 14    Spells: 5/6 levels left

rFire   . . .      SeeInvis .   b - +0 dagger
rCold   . . .      Faith    .   (no shield)
rNeg    . . .      Spirit   .   a - +0 robe
rPois   .          Reflect  .   (helmet restricted)
rElec   .          Harm     .   (no cloak)
rCorr   .          Rampage  .   (no gloves)
Will    .....                   (boots unavailable)
Stlth   ++........              (no amulet)
HPRegen 0.06/turn               (no ring)
MPRegen 0.10/turn               (no ring)

@: no status effects
A: beak, talons 3
a: no special abilities


You were on level 2 of the Dungeon.
You visited 1 branch of the dungeon, and saw 2 of its levels.

You collected 47 gold pieces.

Inventory:

Hand Weapons
 b - a +0 dagger (weapon)
 d - a +0 spear
Missiles
 e - 2 curare-tipped darts
 g - a throwing net
Armour
 a - a +0 robe (worn)
Jewellery
 c - an amulet of the acrobat
Scrolls
 h - a scroll of enchant weapon {unknown}
Potions
 f - 2 potions of magic {unknown}


   Skills:
 - Level 2.1 Dodging
 - Level 2.0 Stealth
 - Level 2.0 Spellcasting
 + Level 1.8 Conjurations
 + Level 4.4 Fire Magic


You had 5 spell levels left.
You knew the following spells:

 Your Spells              Type           Power      Damage    Failure   Level
a - Foxfire               Conj/Fire      48%        2x1d6     5%          1

Your spell library contained the following spells:

 Spells                   Type           Power      Damage    Failure   Level
 Scorch                   Fire           32%        2d6       4%          2
 Conjure Flame            Conj/Fire      12%        6-21      16%         3
 Inner Flame              Hex/Fire       9%         N/A       24%         3
 Flame Wave               Conj/Fire      12%        2d6       47%         4


Dungeon Overview and Level Annotations

Branches:
Dungeon (2/15)

Altars:


Innate Abilities, Weirdness & Mutations

You have a beak for a mouth.
You have claws for feet.


Message History

You are very lightly contaminated with residual magic.
Nothing appears to happen.
Your foxfire dissipates!
You conjure some foxfire!
Your foxfire dissipates! x2
Your foxfire dissipates!
Your foxfire dissipates!
Your magical contamination has completely faded away.
Things that are here:
a +0 whip; a stone You now have 47 gold pieces (gained 3).
A worm comes into view.
Found 19 stones.
A worm is nearby!
You conjure some foxfire!
You conjure some foxfire!
The foxfire hits the worm.
The worm is moderately wounded.
You miscast Foxfire.
You are very lightly contaminated with residual magic.
Nothing appears to happen.
You conjure some foxfire!
The foxfire hits the worm.
The worm is heavily wounded.
The foxfire hits the worm.
The worm is severely wounded.
You conjure some foxfire!
The foxfire hits the worm but does no damage.
The worm is severely wounded.
You conjure some foxfire!
The foxfire hits the worm but does no damage.
The worm is severely wounded.
The worm bites you!
You hit the worm.
The worm is severely wounded.
Your magical contamination has completely faded away.
You hit the worm but do no damage. You claw the worm.
You peck the worm, but do no damage.
The worm is almost dead.
The worm bites you!
Ouch! That really hurt!
You die...

###.##..#####.#
#.##..# #v#
#.....#####§###
###.).........
#..######§#######
#.........§v.....
#.#######..######
#.# #..######...
#.# #.vv@w...(..
#.# #.#####.##..
#.# #... #.# #..#
#. #... ..## ###


You could see a worm (ally target).

Vanquished Creatures
  3 dart slugs
  An endoplasm (D:1)
  A giant cockroach (D:1)
  2 goblins (D:1)
  2 hobgoblins (D:1)
  2 ball pythons (D:1)
  2 bats (D:1)
  2 frilled lizards (D:1)
  2 kobolds
  A rat (D:1)
18 creatures vanquished.

Vanquished Creatures (others)
  82 foxfires
82 creatures vanquished.

Grand Total: 100 creatures vanquished

Notes
Turn   | Place    | Note
-------+----------+-------------------------------------------
     0 | D:1      | Icepheonix32 the Tengu Fire Elementalist began the quest
                  | for the Orb.
     0 | D:1      | Reached XP level 1. HP: 10/10 MP: 4/4
   147 | D:1      | Found a faded altar of an unknown god.
   347 | D:1      | Reached XP level 2. HP: 15/15 MP: 1/6
   515 | D:1      | Reached skill level 4 in Fire Magic
  1157 | D:2      | Reached XP level 3. HP: 19/19 MP: 4/7
  1268 | D:2      | Slain by a worm

Illustrated notes

Levels and vault maps discovered:
D:1:      wander_arrival_desolate, layout_basic, ebering_ecumenical_altar_webs
D:2:      layout_loops_ring, kennysheep_generic_room_7, uniq_sigmund

Skill      XL: |  1  2 |
---------------+-------+-----
Fire Magic     | 4 |  4.4
Dodging        | |  2.1
Stealth        | |  2.0
Spellcasting   | |  2.0
Conjurations   | |  1.8

Action                   || total
-------------------------++-------
Melee: Dagger            ||    11
       Unarmed           ||     1
       Kick              ||     5
       Peck              ||     4
 Cast: Foxfire           ||    53
 Stab: Sleeping          ||     1
Dodge: Dodged            ||     7
